 Dungeon Crawl Stone Soup version 0.27-a0-684-g359e429f13 (webtiles) character file.

Game seed: 12149919603545308769

21 Aggronaut the Cudgeller (level 2, 0/23 HPs)
             Began as a Demonspawn Gladiator on Mar 20, 2021.
             Slain by Jessica
             ... wielding a +0 club
              (3 damage)
             ... on level 2 of the Dungeon.
             The game lasted 00:03:18 (982 turns).

Aggronaut the Cudgeller (Demonspawn Gladiator)       Turns: 982, Time: 00:03:19

Health: 0/23       AC:  9    Str: 14    XL:     2   Next: 62%
Magic:  2/2        EV:  6    Int:  9    God:
Gold:   34         SH:  5    Dex: 14    Spells: 1/1 levels left

rFire    . . .     SeeInvis .   a - +0 flail
rCold    . . .     Faith    .   (no shield)
rNeg     . . .     Spirit   .   e - +0 chain mail
rPois    .         Reflect  +   c - +0 helmet
rElec    .         Harm     .   (no cloak)
rCorr    .         Rampage  .   (no gloves)
Will     .....                  (no boots)
Stlth    ..........             g - amulet of reflection
HPRegen  0.07/turn              (no ring)
MPRegen  0.08/turn              (no ring)

@: lethally poisoned (0 -> -2), slowed, very slow
A: hooves 1
a: no special abilities


You were on level 2 of the Dungeon.
You visited 1 branch of the dungeon, and saw 2 of its levels.

You collected 34 gold pieces.

Inventory:

Hand Weapons
 a - a +0 flail (weapon)
Missiles
 d - 3 throwing nets (quivered)
Armour
 b - a +0 leather armour
 c - a +0 helmet (worn)
 e - a +0 chain mail (worn)
Jewellery
 g - an amulet of reflection (around neck)
Scrolls
 h - a scroll of vulnerability {unknown}


   Skills:
 + Level 2.4 Fighting
 * Level 3.3 Maces & Flails
 - Level 1.7 Throwing
 - Level 2.6 Dodging


You had one spell level left.
You didn't know any spells.
Your spell library was empty.

Dungeon Overview and Level Annotations

Branches:
Dungeon (2/15)

Altars:

Annotations:
D:2 Jessica


Innate Abilities, Weirdness & Mutations

You have large cloven feet.


Message History

Jessica blinks!
Jessica says, "I'm really upset."
Jessica hits you with a +0 club.
You open the door. You block Jessica's attack. The hobgoblin barely misses you.
Jessica hits you but does no damage.
Jessica shouts, "You are a ghastly nuisance!"
There is an open door here.
You closely miss Jessica. Your kick misses Jessica.
Jessica hits you with a +0 club. Jessica hits you but does no damage.
You closely miss Jessica. Jessica hits you with a +0 club.
Jessica hits you but does no damage.
You closely miss Jessica. You kick Jessica, but do no damage.
Jessica hits you but does no damage. The adder bites you.
You are poisoned.
The adder poisons you! Jessica hits you but does no damage.
You sock Jessica! Your kick misses Jessica.
Jessica is severely wounded.
You feel sick. Jessica gestures at you while chanting.
You feel yourself slow down. The adder bites you. x2
Jessica hits you with a +0 club.
* * * LOW HITPOINT WARNING * * *
You aren't carrying any potions.
As you read the scroll labelled TURAEDGHAIM, it crumbles to dust.
The creatures around you are filled with an inner flame!
It was a scroll of immolation.
Jessica hits you with a +0 club.
* * * LOW HITPOINT WARNING * * *
The adder bites you but does no damage. Jessica closely misses you.
You block the adder's attack.
Your chain mail prevents you from hitting Jessica.
Your kick misses Jessica.
Jessica is severely wounded.
* * * LOW HITPOINT WARNING * * *
You feel sick.
Jessica points at you and mumbles some strange words.
You resist with some effort. You block the adder's attack.
Jessica mumbles some strange words.
Jessica blinks!
The adder bites you but does no damage. Jessica hits you with a +0 club.
You die...

.# ####.#
#.....# .......
....... .......
####@..)...
#.g@.......
#.##S......
#..........
#..........
#...#......
#...#######
#...######
##.#...<....###
........†.......


You could see an adder (inner flame), Jessica (fast, inner flame) and a
hobgoblin (inner flame).

Vanquished Creatures
  2 dart slugs
  3 bats (D:1)
  A giant cockroach (D:1)
  2 goblins (D:1)
  A hobgoblin (D:1)
  A quokka (D:1)
  A frilled lizard (D:1)
  3 kobolds (D:1)
  3 rats (D:1)
17 creatures vanquished.

Notes
Turn   | Place    | Note
-------+----------+-------------------------------------------
     0 | D:1      | Aggronaut the Demonspawn Gladiator began the quest for the
                  | Orb.
     0 | D:1      | Reached XP level 1. HP: 16/16 MP: 1/1
   390 | D:1      | Reached skill level 3 in Maces & Flails
   448 | D:1      | Gained mutation: You have large cloven feet. [demonic
                  | ancestry]
   448 | D:1      | Reached XP level 2. HP: 22/22 MP: 2/2
   961 | D:2      | Noticed Jessica
   982 | D:2      | Slain by Jessica

Illustrated notes

Levels and vault maps discovered:
D:1:      dpeg_arrival_tiny_d, layout_basic
D:2:      layout_basic, chequers_ecumenical_altar_island, uniq_jessica

Skill      XL: |  1 |
---------------+----+-----
Maces & Flails | 3 |  3.3
Fighting       | |  2.4
Throwing       | |  1.7
Dodging        | |  2.6

Action                   || total
-------------------------++-------
Melee: Flail             ||    56
       Kick              ||     7
  Use: Scroll            ||     1
Armor: Chain mail        ||    45
Dodge: Dodged            ||    17
Block: Other             ||     5

Table legend: (Time is in decaauts)
 A = Elapsed time spent in this place.
 B = Non-inter-level travel time spent in this place.
 C = Inter-level travel time spent in this place.
 D = Time resting spent in this place.
 E = Time spent auto-exploring this place.
 F = Levels seen in this place.
 G = Mean time per level.
                   A        B        C        D        E       F      G
               +--------+--------+--------+--------+--------+-----+--------+
         Total |    996 |    966 |     30 |    148 |    649 |   2 |  498.0 |
       Dungeon |    996 |    966 |     30 |    148 |    649 |   2 |  498.0 |
               +--------+--------+--------+--------+--------+-----+--------+

Top non-repeatable levels by time:
     D:1: 972 daAuts
     D:2: 23 daAuts
